 Dungeon Crawl Stone Soup version 0.15.1-1-gfacfea3 (webtiles) character file.

25 Ratboiler the Insei (level 3, 14/23 HPs)
             Began as an Octopode Transmuter on Sept 21, 2014.
             Quit the game on Level 2 of the Dungeon.
             The game lasted 00:02:44 (1047 turns).

Ratboiler the Insei (Octopode Transmuter)           Turns: 1047, Time: 00:02:44

HP  14/23        AC  1     Str  9      XL: 3   Next:  4%
MP   5/6         EV 12     Int 16      God:
Gold 49          SH  0     Dex 12      Spells:  2 memorised,  3 levels left

rFire  x . .     SeeInvis .       - Unarmed
rCold  + . .     Clarity  .     (no shield)
rNeg   . . .     rCorr    .     (helmet restricted)
rPois  .         rRot     .     (no amulet)
rElec  .         Spirit   .     k - ring of ice
SustAb .         Warding  .     (no ring)
rMut   .         Stasis   .     (no ring)
Gourm  .                        (no ring)
MR     .....                    (no ring)
                                (no ring)
                                (no ring)
                                (no ring)

@: not resistant to hostile enchantments, unstealthy
A: almost no armour, amphibious, 8 rings, constrict 8, camouflage 1, gelatinous
body 1
a: no special abilities


You were on level 2 of the Dungeon.
You were not hungry.

You visited 1 branch of the dungeon, and saw 2 of its levels.

You collected 49 gold pieces.

Inventory:

Missiles
 b - 27 arrows
 n - 11 arrows of flame
Comestibles
 a - a bread ration
 h - a beef jerky
 j - 4 fruits
Scrolls
 e - 2 scrolls of identify {unknown}
 f - a scroll of amnesia {unknown}
 i - a scroll of fog {unknown}
Jewellery
 g - an uncursed amulet of guardian spirit
 k - a ring of ice (left tentacle)
Potions
 c - a potion of curing {unknown}
 l - a potion of magic {unknown}
 m - a potion of restore abilities {unknown}
Books
 d - a book of Changes

   Spells                             Type                      Level
   *Beastly Appendage                 Transmutation                1
   *Sticks to Snakes                  Transmutation                2
   Spider Form                        Transmutation/Poison         3
   Ice Form                           Ice/Transmutation            4
   Blade Hands                        Transmutation                5


   Skills:
 - Level 1.0 Fighting
 - Level 2.0 Dodging
 + Level 3.5 Unarmed Combat
 - Level 2.0 Spellcasting
 + Level 2.8 Transmutations


You had 3 spell levels left.
You knew the following spells:

 Your Spells              Type           Power        Failure   Level  Hunger
a - Beastly Appendage     Trmt           ##....       10%         1    #......
b - Sticks to Snakes      Trmt           ##........   12%         2    ###....


Dungeon Overview and Level Annotations

Branches:
Dungeon (2/15)

Altars:


Innate Abilities, Weirdness & Mutations

You cannot wear most types of armour.
You are amphibious.
You can wear up to eight rings at the same time.
You can use your tentacles to constrict many enemies at once.
Your skin changes colour to match your surroundings (Stealth).
Your rubbery body absorbs attacks (AC +1).


Message History

You are too injured to fight recklessly!
You tentacle-slap the giant gecko.
You kill the giant gecko!
You have reached level 3!
Your experience leads to an increase in your attributes!
Increase (S)trength, (I)ntelligence, or (D)exterity?
You feel clever. The bat hits you. x2
The bat closely misses you.
You barely miss the bat. Your grab misses the bat.
You pierce the bat.
The bat is moderately wounded.
The bat hits you but does no damage.
You tentacle-slap the bat.
You kill the bat!
Your transformation is almost over.
You start resting.
A worm is nearby!
Your tentacle spike disappears.
Your magical contamination has completely faded away.
Are you sure you want to abandon this character and quit the game? (Confirm with "yes".)

.......%.####
.$....w.....#
........##w#
........##.#
........##.#
.......##.#
.#######.#
....#######.#
........@...#
####.####...# ###
###.####.#.##.####
...
...................
#..
....###.#..#.##.. #
#.# #..# #.#......
#.#.# #..#
#.##.#.##..
###.#.######..# #.#
.#.#
..............###.#
.. .


There were no monsters in sight!

Vanquished Creatures
  2 giant geckos
  3 bats
  5 hobgoblins
  3 goblins (D:1)
  4 kobolds (D:1)
  4 rats (D:1)
21 creatures vanquished.

Notes
Turn   | Place    | Note
--------------------------------------------------------------
     0 | D:1      | Ratboiler, the Octopode Transmuter, began the quest for the Orb.
     0 | D:1      | Reached XP level 1. HP: 13/13 MP: 3/3
   212 | D:1      | Reached XP level 2. HP: 8/18 MP: 4/4
   266 | D:1      | Learned a level 2 spell: Sticks to Snakes
  1031 | D:2      | Reached XP level 3. HP: 15/23 MP: 3/6
  1047 | D:2      | Quit the game

Action                   || total
-------------------------++-------
Melee: Unarmed           ||    47
 Cast: Beastly Appendage ||     6
